 Dungeon Crawl Stone Soup version 0.25.1-1-g288607f (webtiles) character file.

Game seed: 17693750277359918264

301 prawnwizard the Firebug (level 6, 0/32 HPs)
             Began as a Deep Elf Fire Elementalist on June 26, 2020.
             Slain by an ogre
             ... wielding a +0 giant club
              (10 damage)
             ... on level 4 of the Dungeon on July 24, 2020.
             The game lasted 00:16:20 (3258 turns).

prawnwizard the Firebug (DEFE)                      Turns: 3258, Time: 00:16:20

Health: 0/32       AC:  3    Str:  5    XL:     6   Next: 14%
Magic:  7/15       EV: 13    Int: 22    God:
Gold:   151        SH:  0    Dex: 15    Spells: 11/15 levels left

rFire    . . .     SeeInvis .   k - +0 whip
rCold    . . .     Gourm    .   (no shield)
rNeg     . . .     Faith    .   a - +1 robe
rPois    .         Spirit   .   (no helmet)
rElec    .         Reflect  .   (no cloak)
rCorr    .         Harm     .   (no gloves)
MR       .....                  (no boots)
Stlth    ++........             (no amulet)
HPRegen  0.10/turn              d - ring of flight
MPRegen  0.14/turn              g - ring of wizardry

@: no status effects
A: no striking features
a: Evoke Flight


You were on level 4 of the Dungeon.
You were not hungry.

You visited 1 branch of the dungeon, and saw 4 of its levels.

You collected 151 gold pieces.

Inventory:

Hand Weapons
 k - a +0 whip (weapon)
 n - a cursed -2 mace
Armour
 a - a +1 robe (worn)
 e - a +2 scale mail of cold resistance
Jewellery
 d - a ring of flight (left hand)
 g - a ring of wizardry (right hand)
Scrolls
 b - 4 scrolls of remove curse
 i - 2 scrolls of teleportation
 j - 2 scrolls of identify
Potions
 f - a potion of curing
 h - a potion of heal wounds
 l - a potion of might {unknown}
 m - a potion of lignification {unknown}
 q - a potion of haste {unknown}
 s - a potion of mutation
 t - a potion of brilliance {unknown}
 v - a potion of magic {unknown}
 w - a potion of flight {unknown}
Comestibles
 c - 4 rations
 o - 8 chunks of flesh


   Skills:
 - Level 2.4 Dodging
 - Level 2.4 Stealth
 + Level 5.1 Spellcasting
 + Level 3.3 Conjurations
 * Level 5.8 Fire Magic


You had 11 spell levels left.
You knew the following spells:

 Your Spells              Type           Power        Failure   Level  Hunger
a - Foxfire               Conj/Fire      ####         1%          1    None
b - Conjure Flame         Conj/Fire      ####....     1%          3    ##.....

Your spell library contained the following spells:

 Spells                   Type           Power        Failure   Level  Hunger
 Inner Flame              Hex/Fire       ###.....     3%          3    ##.....
 Sticky Flame             Conj/Fire      ####....     6%          4    ####...
 Fireball                 Conj/Fire      ####......   16%         5    #####..


Dungeon Overview and Level Annotations

Branches:
Dungeon (4/15)
 Temple: D:4-7

Altars:
Makhleb


Message History

The ogre is severely wounded.
Casting: Foxfire (safe; 1% risk of failure)
Confirm with . or Enter, or press ? or * to list all spells.
You conjure some foxfire!
The ogre hits you with a +0 giant club!
Casting: Foxfire (safe; 1% risk of failure)
Confirm with . or Enter, or press ? or * to list all spells.
Nothing appears to happen.
The foxfire hits the ogre.
The ogre is almost dead.
Casting: Foxfire (safe; 1% risk of failure)
Confirm with . or Enter, or press ? or * to list all spells.
You conjure some foxfire!
The ogre closely misses you.
Casting: Foxfire (safe; 1% risk of failure)
Confirm with . or Enter, or press ? or * to list all spells.
Nothing appears to happen.
The foxfire hits the ogre.
The ogre is almost dead.
The ogre hits you with a +0 giant club!
Casting: Foxfire (safe; 1% risk of failure)
Confirm with . or Enter, or press ? or * to list all spells.
You conjure some foxfire!
The ogre hits you with a +0 giant club!
You die...

#.......###
#.#####...#
###.#####.###
........#...#
..........###
##.###.#...#
#.#####
#v#######..
#@O..†.....
#####..)...
...## ###


You could see an ogre.

Vanquished Creatures
  An ice beast (D:3)
  A worker ant (D:4)
  5 adders
  5 gnolls
  3 oozes (D:1)
  4 worms
  4 orcs
  A ball python (D:2)
  3 giant cockroaches
  6 goblins
  9 hobgoblins
  6 jackals
  9 kobolds
  4 bats
  3 frilled lizards (D:1)
  6 rats
70 creatures vanquished.

Vanquished Creatures (collateral kills)
  A frilled lizard (D:1)
1 creature vanquished.

Vanquished Creatures (others)
  212 foxfires
212 creatures vanquished.

Grand Total: 283 creatures vanquished

Notes
Turn   | Place    | Note
-------+----------+-------------------------------------------
     0 | D:1      | prawnwizard the Deep Elf Fire Elementalist began the quest
                  | for the Orb.
     0 | D:1      | Reached XP level 1. HP: 10/10 MP: 6/6
   116 | D:1      | Reached XP level 2. HP: 11/15 MP: 6/8
   441 | D:1      | Reached XP level 3. HP: 19/19 MP: 8/10
   987 | D:2      | Found a burning altar of Makhleb.
  1085 | D:2      | Found a faded altar of an unknown god.
  1304 | D:2      | Learned a level 3 spell: Conjure Flame
  1375 | D:2      | Reached XP level 4. HP: 24/24 MP: 2/12
  2026 | D:3      | Noticed an ice beast
  2043 | D:2      | Upgraded the game from 0.25.0-11-g1f837a7 to
                  | 0.25.1-1-g288607f
  2156 | D:3      | Reached skill level 5 in Fire Magic
  2163 | D:3      | Reached XP level 5. HP: 27/28 MP: 6/13
  2412 | D:3      | Killed an ice beast
  2824 | D:4      | Reached skill level 5 in Spellcasting
  2824 | D:4      | Reached XP level 6. HP: 25/32 MP: 10/15
  3258 | D:4      | Slain by an ogre

Illustrated notes

Levels and vault maps discovered:
D:1:      onia_arrival_pentagram, layout_rooms
D:2:      layout_rooms, chequers_ecumenical_altar_twisty, bloody_makhleb
D:3:      layout_rooms, first_ration
D:4:      lemuel_castle_with_subvaults [lemuel_castle_interior_carwin_3],
          layout_basic, nicolae_overflow_hidden_temple, serial_curves,
          eino_curves_01, eino_curves_03, minmay_misc_feat_iff

Skill      XL: |  1  2  3  4  5 |
---------------+----------------+-----
Fire Magic     | 4 5 |  5.8
Conjurations   | 2 3 |  3.3
Spellcasting   | 4 5 |  5.1
Dodging        | |  2.4
Stealth        | |  2.4

Action                   |  1- 3 |  4- 6 || total
-------------------------+-------+-------++-------
Melee: Unarmed           |     1 |       ||     1
       Whip              |       |     6 ||     6
 Cast: Foxfire           |    77 |   103 ||   180
       Conjure Flame     |       |     1 ||     1
  Use: Scroll            |       |    10 ||    10
  Eat: Chunk             |     1 |     6 ||     7
Armor: Robe              |     4 |     5 ||     9
Dodge: Dodged            |     8 |    52 ||    60
